 Dungeon Crawl Stone Soup version 0.29.1-15-g9cfb28693d (webtiles) character file.

Game seed: 12867090880511256062

14845 OdinelGallardo the Devastator (level 11, 0/54 HPs)
             Began as a Deep Elf Conjurer on Sept 21, 2023.
             Was a Priest of Vehumet.
             Slain by a centaur warrior (1 damage)
             ... on level 13 of the Dungeon on Sept 22, 2023.
             The game lasted 01:03:59 (14071 turns).

OdinelGallardo the Devastator (Deep Elf Conjurer)  Turns: 14071, Time: 01:04:00

Health: 0/54       AC:  7    Str:  4    XL:     11   Next: 94%
Magic:  6/27       EV: 16    Int: 28    God:    Vehumet [***...]
Gold:   565        SH:  0    Dex: 13    Spells: 10/31 levels left

rFire   . . .      SeeInvis .   Y - +1 spear (venom)
rCold   . . .      Faith    .   (no shield)
rNeg    + . .      Spirit   .   g - +2 robe {Will+}
rPois   .          Reflect  .   B - +0 helmet
rElec   .          Harm     .   T - +0 cloak {rCorr}
rCorr   +          Rampage  .   o - +0 pair of gloves
Will    ++...                   (no boots)
Stlth   ++........              E - amulet of regeneration
HPRegen 0.98/turn               R - +4 ring of evasion
MPRegen 0.20/turn               v - ring of positive energy

@: no status effects
A: no striking features
a: Renounce Religion


You were on level 13 of the Dungeon.
You worshipped Vehumet.
Vehumet was most pleased with you.
You visited 2 branches of the dungeon, and saw 14 of its levels.
You also visited: Sewer.

You collected 565 gold pieces.

Inventory:

Hand Weapons
 l - a +3 dagger of protection
 H - a +5 vorpal spear
 P - a +0 dagger of venom
 W - a +0 shortbow
 Y - a +1 spear of venom (weapon)
 Z - a +7 scimitar of freezing
Armour
 a - a +0 robe
 g - a +2 robe of willpower (worn)
 o - a +0 pair of gloves (worn)
 r - a +2 leather armour of willpower
 B - a +0 helmet (worn)
 J - a +2 kite shield
 T - a +0 cloak of preservation (worn)
 X - a +0 troll leather armour
Magical Staves
 F - a staff of poison
 U - a staff of death
Jewellery
 j - a ring of willpower
 n - an amulet of faith
 v - a ring of positive energy (right hand)
 y - a ring of ice
 E - an amulet of regeneration (around neck)
 L - a ring of resist corrosion
 M - a ring of protection from cold
 R - a +4 ring of evasion (left hand)
Wands
 w - a wand of charming (4)
 G - a wand of iceblast (19)
Scrolls
 f - a scroll of immolation
 h - a scroll of blinking {unknown}
 p - 3 scrolls of fear
 u - a scroll of teleportation
 z - a scroll of fog
 C - 2 scrolls of magic mapping
 Q - a scroll of amnesia
 V - 3 scrolls of poison
Potions
 b - 6 potions of magic
 c - 2 potions of ambrosia
 d - 4 potions of cancellation
 e - 2 potions of might
 i - a potion of berserk rage {unknown}
 k - 4 potions of attraction
 m - a potion of brilliance {unknown}
 q - a potion of lignification {unknown}
 s - 3 potions of degeneration
 t - 3 potions of mutation
 x - a potion of curing
 A - 4 potions of flight
 D - a potion of invisibility
 I - a potion of resistance
 N - 3 potions of haste


   Skills:
 - Level 2.4 Dodging
 - Level 2.4 Stealth
 + Level 10.8 Spellcasting
 - Level 15.2 Conjurations
 - Level 5.0 Hexes
 - Level 5.3 Translocations
 - Level 3.4 Transmutations
 - Level 10.0 Earth Magic


You had 10 spell levels left.
You knew the following spells:

 Your Spells              Type           Power      Damage    Failure   Level
a - Magic Dart            Conj           100%       1d8       0%          1
b - Searing Ray           Conj           100%       2d8       0%          2
c - Fulminant Prism       Conj/Hex       32%        3d16      1%          4
d - Iskenderun's Mystic   Conj/Tloc      64%        2d13      1%          4
e - Passwall              Tmut/Erth      43%        N/A       1%          2
f - Lehudib's Crystal Sp  Conj/Erth      36%        10d9      32%         8

Your spell library contained the following spells:

 Spells                   Type           Power      Damage    Failure   Level
 Scorch                   Fire           30%        2d6       1%          2
 Beastly Appendage        Tmut           68%        N/A       1%          1
 Ensorcelled Hibernation  Hex/Ice        58%        N/A       1%          2
 Wereblood                Tmut           34%        N/A       1%          2
 Dazzling Flash           Conj/Hex       100%       N/A       1%          3
 Stone Arrow              Conj/Erth      100%       3d13      1%          3
 Irradiate                Conj/Tmut      30%        3d21      1%          5
 Petrify                  Tmut/Erth      52%        N/A       2%          4
 Animate Armour           Summ/Erth      86%        N/A       4%          4
 Sublimation of Blood     Necr           15%        N/A       5%          2
 Spider Form              Tmut/Pois      24%        N/A       5%          3
 Swiftness                Air            15%        N/A       11%         3


Dungeon Overview and Level Annotations

Branches:
Dungeon (13/15)            Temple (1/1) D:4            Lair (0/5) D:9
  Sewer (visited)
    Orc: D:9-12      Vaults: D:13-14

Altars:
Ashenzari
Cheibriados
Dithmenos
Elyvilon
Fedhas
Gozag
Hepliaklqana
Kikubaaqudgha
Makhleb
Nemelex Xobeh
Okawaru
Qazlal
Ru
Sif Muna
Trog
Uskayaw
Vehumet
Wu Jian
Xom
Yredelemnul
Zin
The Shining One

Shops:
D:1 (!

Annotations:
D:12 2 transporters, Azrael; LLlMATKO's ghost, journeyman MiBe; Nessos


Message History

Unknown command.
You start resting.
A centaur warrior is nearby!
Unknown command.
Unknown command.
The centaur warrior unwields a +0 longbow.
The centaur warrior hits you.
The centaur warrior kicks you but does no damage.
The centaur warrior hits you but does no damage.
The centaur warrior kicks you but does no damage.
Unknown command.
Casting: Fulminant Prism (safe; 1% risk of failure)
Confirm with . or Enter, or press ? or * to list all spells.
Aiming: Fulminant Prism (safe; 1% risk of failure)
Press: ? - help, Dir - move target You conjure a prism of explosive energy!
A fulminant prism comes into view.
The centaur warrior hits you.
The centaur warrior kicks you but does no damage.
Unknown command.
Casting: Fulminant Prism (safe; 1% risk of failure)
Confirm with . or Enter, or press ? or * to list all spells.
Aiming: Searing Ray (safe; 0% risk of failure)
Press: ? - help, Shift-Dir - straight line, f - centaur warrior
Aim: a centaur warrior (heavily wounded, ally target, 87% to hit)
The searing ray hits the centaur warrior!
The centaur warrior is severely wounded. (Press . to maintain the ray.)
The centaur warrior hits you!
* * * LOW HITPOINT WARNING * * *
The centaur warrior kicks you but does no damage.
The centaur warrior completely misses you.
The centaur warrior kicks you but does no damage.
Your fulminant prism crackles loudly.
The searing ray hits the centaur warrior.
The centaur warrior is severely wounded.
The centaur warrior hits you!
* * * LOW HITPOINT WARNING * * *
The centaur warrior kicks you.
You die...

..........#
..........# .
..........# ..
+#####'#.# ...
#.#.# .... #.#<#
.....
####.######......
#......#.c)*...(.
#.##.#.#@##*.....
#.##.#.#.# .(...
#....#.#.# ....
######.#.# ###
#......#.#
#.######.# #.#
#.# #.# #.# #(#
#.#


You could see a centaur warrior (ally target) and a friendly fulminant prism.

Vanquished Creatures
  Snorg (D:11)
  2 hydras
  3 two-headed ogres
  Nergalle (D:11)
  A gargoyle (D:11)
  An efreet (D:13)
  An unseen horror (D:10)
  A kobold demonologist (D:10)
  A troll (D:9)
  A merfolk (shapeshifter) (D:12)
  4 slime creatures (D:12)
  2 hornets
  A wyvern (D:10)
  Sigmund (D:2)
  22 yaks
  2 wraiths
  Menkaure (D:7)
  2 acid dragons
  4 water moccasins
  3 orc warriors
  2 sky beasts (D:7)
  5 black bears
  An ogre (D:5)
  A centaur (D:10)
  2 phantoms
  Blork the orc (D:6)
  6 bullfrogs
  2 gnoll sergeants
  3 scorpions
  8 wights
  A killer bee (D:10)
  A howler monkey (D:5)
  A hound (D:7)
  2 gnoll boudas
  4 orc priests
  A jelly (D:7)
  3 iguanas
  9 orc wizards
  19 gnolls
  6 adders
  A shadow imp (D:5)
  A white imp (D:6)
  5 worms
  The ghost of Sapher the Digger, a weakling MeEE (D:3)
  4 dart slugs
  43 orcs
  11 endoplasms
  4 giant cockroaches
  8 goblins
  9 hobgoblins
  12 jackals
  5 quokkas
  10 ball pythons
  3 bats
  3 frilled lizards
  7 kobolds
  6 rats
266 creatures vanquished.

Vanquished Creatures (others)
  74 fulminant prisms
  6 fungi (D:9)
  A plant (D:9)
81 creatures vanquished.

Grand Total: 347 creatures vanquished

Notes
Turn   | Place    | Note
-------+----------+-------------------------------------------
     0 | D:1      | OdinelGallardo the Deep Elf Conjurer began the quest for
                  | the Orb.
     0 | D:1      | Reached XP level 1. HP: 10/10 MP: 6/6
   314 | D:1      | Found Axuose's Antique Weapon Emporium.
   324 | D:1      | Reached XP level 2. HP: 15/15 MP: 7/9
   513 | D:1      | Found Worrom's Distillery.
   715 | D:1      | Learned a level 2 spell: Searing Ray
  1149 | D:2      | Reached XP level 3. HP: 19/19 MP: 9/11
  1187 | D:2      | Reached skill level 5 in Spellcasting
  1299 | D:2      | Noticed Sigmund
  1332 | D:2      | Killed Sigmund
  1333 | D:2      | Reached skill level 6 in Conjurations
  1333 | D:2      | Reached XP level 4. HP: 21/24 MP: 4/13
  1333 | D:2      | Reached XP level 5. HP: 25/28 MP: 4/14
  1410 | D:2      | Learned a level 4 spell: Fulminant Prism
  1415 | D:2      | Learned a level 4 spell: Iskenderun's Mystic Blast
  1842 | D:2      | Reached skill level 7 in Conjurations
  2458 | D:3      | Reached skill level 1 in Translocations
  2465 | D:3      | Reached XP level 6. HP: 32/32 MP: 4/15
  3189 | D:3      | Found a runed translucent gate.
  3189 | D:3      | Found a runed translucent gate.
  3189 | D:3      | Found a runed translucent gate.
  3190 | D:3      | Noticed Sapher's ghost (weakling MeEE)
  3974 | D:4      | Found a glowing drain.
  3992 | Sewer    | Entered a sewer
  4181 | Sewer    | Noticed a water moccasin
  4186 | Sewer    | Killed a water moccasin
  4187 | Sewer    | Reached skill level 5 in Translocations
  4187 | Sewer    | Reached XP level 7. HP: 36/36 MP: 9/16
  4479 | D:4      | Reached skill level 1 in Hexes
  4671 | D:4      | Found a staircase to the Ecumenical Temple.
  4686 | Temple   | Entered the Ecumenical Temple
  4887 | Temple   | Became a worshipper of Vehumet
  5410 | D:4      | Reached skill level 5 in Hexes
  5965 | D:5      | Entered Level 5 of the Dungeon
  6053 | D:5      | Learned a level 2 spell: Passwall
  6258 | D:5      | Reached XP level 8. HP: 41/41 MP: 9/17
  6363 | D:5      | Reached skill level 8 in Conjurations
  6845 | D:5      | Reached skill level 9 in Conjurations
  7460 | D:3      | Killed Sapher's ghost
  7732 | D:6      | Found a hide-covered altar of Uskayaw.
  7739 | D:6      | Reached * piety under Vehumet
  7739 | D:6      | Offered knowledge of Freeze by Vehumet.
  7740 | D:6      | Reached skill level 10 in Conjurations
  7793 | D:6      | Found a sparkling altar of Nemelex Xobeh.
  7793 | D:6      | Found an opulent altar of Gozag.
  8376 | D:6      | Noticed Blork the orc
  8385 | D:6      | Killed Blork the orc
  8572 | D:7      | Reached XP level 9. HP: 29/45 MP: 12/22
  8846 | D:7      | Noticed Menkaure
  8849 | D:7      | Killed Menkaure
  8967 | D:7      | Reached skill level 10 in Spellcasting
  9340 | D:7      | Reached skill level 1 in Transmutations
  9340 | D:7      | Reached skill level 1 in Earth Magic
  9460 | D:8      | You fall into a shaft and drop 1 floor!
  9481 | D:9      | Learned a level 8 spell: Lehudib's Crystal Spear
  9729 | D:9      | Reached skill level 5 in Earth Magic
  9823 | D:9      | Reached XP level 10. HP: 48/50 MP: 23/26
 10186 | D:9      | Found a staircase to the Lair.
 10274 | D:9      | Offered knowledge of Sandblast by Vehumet.
 10304 | D:9      | Reached ** piety under Vehumet
 10807 | D:10     | Entered Level 10 of the Dungeon
 10829 | D:10     | Paralysed by a hornet for 1 turns
 10831 | D:10     | Reached skill level 11 in Conjurations
 11430 | D:10     | Reached skill level 12 in Conjurations
 11532 | D:10     | Reached skill level 13 in Conjurations
 11542 | D:10     | Reached XP level 11. HP: 46/54 MP: 10/27
 11798 | D:10     | Offered knowledge of Scorch by Vehumet.
 12038 | D:10     | Found a large runed translucent door.
 12039 | D:10     | Found a large runed translucent door.
 12251 | D:10     | Noticed a two-headed ogre
 12258 | D:10     | Killed a two-headed ogre
 12259 | D:10     | Reached skill level 14 in Conjurations
 12313 | D:10     | Found a sacrificial altar of Ru.
 12318 | D:10     | Found a hazy altar of Hepliaklqana.
 12463 | D:11     | Noticed Nergalle
 12631 | D:11     | Killed Nergalle
 12731 | D:11     | Noticed Snorg
 12738 | D:11     | Killed Snorg
 12835 | D:11     | Noticed a six-headed hydra
 12840 | D:11     | Killed a six-headed hydra
 12841 | D:11     | Reached skill level 15 in Conjurations
 13509 | D:12     | Noticed a two-headed ogre
 13516 | D:12     | Killed a two-headed ogre
 13522 | D:12     | Reached *** piety under Vehumet
 13570 | D:12     | Noticed a six-headed hydra
 13576 | D:12     | Killed a six-headed hydra
 13577 | D:12     | Reached skill level 10 in Earth Magic
 13658 | D:12     | Found a transporter.
 13658 | D:12     | Found a transporter.
 13659 | D:12     | Noticed a deep elf pyromancer
 13666 | D:12     | Noticed a green ugly thing
 13740 | D:12     | Noticed a two-headed ogre
 13746 | D:12     | Killed a two-headed ogre
 13844 | D:12     | Noticed LLlMATKO's ghost (journeyman MiBe)
 13848 | D:12     | Noticed Nessos
 13861 | D:12     | HP: 2/54 [Nessos/arrow (4)]
 13861 | D:12     | Noticed a two-headed ogre
 13864 | D:12     | Noticed a six-headed hydra
 13942 | D:12     | Noticed Azrael
 14062 | D:13     | Noticed a centaur warrior
 14071 | D:13     | HP: 1/54 [centaur warrior (7)]
 14071 | D:13     | Slain by a centaur warrior

Illustrated notes

Levels and vault maps discovered:
D:1:      minmay_arrival_loop, layout_loops_corners, serial_shops,
          nicolae_shop_trees, shop
D:2:      layout_basic, uniq_sigmund
D:3:      layout_loops_ring, biasface_ghost_orc_armoury
D:4:      layout_loops_ring, minmay_temple_entry_offerings,
          cheibrodos_sewer_entry_sluice, kennysheep_cross_bottleneck,
          minivault_5
D:5:      layout_rooms
D:6:      layout_cave_pools, grunt_temple_overflow_opulence,
          eat_drink_and_be_merry_uskayaw, uniq_blork_the_orc
D:7:      layout_cave_pools, uniq_menkaure
D:8:      layout_loops_ring, nicolae_kite_square_tiling_tiny, uniq_psyche
D:9:      layout_loops_corners, grunt_lair_entry_orc_guard_hut
D:10:     layout_roguey, jmf_multi_god_temple2
D:11:     layout_loops_cross, uniq_snorg, uniq_nergalle
D:12:     layout_irregular_city, david_orc_3, nzn_ghost_randoct, uniq_azrael,
          uniq_nessos
D:13:     layout_basic, hangedman_vaults_entry_quadrant_bands, st_stairs_8
Temple:   bh_familiar_temple

Skill      XL: |  1  2  3  4  5  6  7  8  9 10 11 |
---------------+----------------------------------+-----
Spellcasting   | 4 5 7 10 | 10.8
Conjurations   | 6 7 10 13 15 | 15.2
Translocations | 1 5 |  5.3
Hexes          | 5 |  5.0
Transmutations | 3 |  3.4
Earth Magic    | 6 7 10 | 10.0
Dodging        | |  2.4
Stealth        | |  2.4

Action                   |  1- 3 |  4- 6 |  7- 9 | 10-12 || total
-------------------------+-------+-------+-------+-------++-------
Melee: Mace              |     2 |       |       |       ||     2
       Spear             |       |       |    11 |    20 ||    31
       Punch             |       |       |     1 |       ||     1
 Cast: Magic Dart        |    49 |    89 |   103 |    24 ||   265
       Searing Ray       |     3 |    32 |    42 |    42 ||   119
       Iskenderun's Myst |       |       |     8 |    29 ||    37
       Fulminant Prism   |       |       |    24 |    51 ||    75
  Use: Scroll            |       |     5 |     8 |     9 ||    22
       Potion            |       |       |       |     3 ||     3
Armor: Robe              |     3 |     1 |    11 |     6 ||    21
       Leather armour    |       |       |     3 |     4 ||     7
       Troll leather arm |       |       |       |    23 ||    23
Dodge: Dodged            |     6 |     8 |    36 |    58 ||   108
